 Dungeon Crawl Stone Soup version 0.25.0-10-g039870ee82 (webtiles) character file.

Game seed: 15272230310509053470

107 Delamore the Chopper (level 4, -4/41 HPs)
             Began as a Hill Orc Monk on June 22, 2020.
             Was a Believer of Nemelex Xobeh.
             Slain by a gnoll
             ... wielding a +0 club
              (9 damage)
             ... on level 3 of the Dungeon.
             The game lasted 00:02:47 (2497 turns).

Delamore the Chopper (Hill Orc Monk)                Turns: 2497, Time: 00:02:48

Health: -4/41      AC:  4    Str: 14    XL:     4   Next: 86%
Magic:  4/4        EV: 12    Int: 10    God:    Nemelex Xobeh [**....]
Gold:   111        SH:  0    Dex: 13    Spells: 3/3 levels left

rFire    . . .     SeeInvis .   a - +0 hand axe
rCold    . . .     Gourm    .   (no shield)
rNeg     . . .     Faith    .   h - +1 leather armour {MR+}
rPois    .         Spirit   .   (no helmet)
rElec    .         Reflect  .   (no cloak)
rCorr    .         Harm     .   (no gloves)
MR       +....                  (no boots)
Stlth    ++........             g - amulet of the acrobat
HPRegen  0.13/turn              (no ring)
MPRegen  0.09/turn              (no ring)

@: no status effects
A: no striking features
a: Draw Escape, Draw Destruction, Draw Summoning, Renounce Religion


You were on level 3 of the Dungeon.
You worshipped Nemelex Xobeh.
Nemelex Xobeh was pleased with you.
You were not hungry.

You visited 1 branch of the dungeon, and saw 3 of its levels.

You collected 111 gold pieces.

Inventory:

Hand Weapons
 a - a +0 hand axe (weapon)
Armour
 b - a +0 robe
 e - a +0 chain mail
 h - a +1 leather armour of magic resistance (worn)
 l - a +0 kite shield
Jewellery
 g - an amulet of the acrobat (around neck)
Scrolls
 f - 4 scrolls of identify {unknown}
 i - a scroll of fog {unknown}
 k - a scroll of remove curse {unknown}
Potions
 d - a potion of resistance {unknown}
 m - a potion of invisibility {unknown}
 n - a potion of mutation {unknown}
Comestibles
 c - 5 rations
 o - 9 chunks of flesh


   Skills:
 + Level 4.4 Fighting
 + Level 6.5 Axes
 - Level 2.4 Dodging
 - Level 1.5 Stealth


You had 3 spell levels left.
You didn't know any spells.
Your spell library was empty.

Dungeon Overview and Level Annotations

Branches:
Dungeon (3/15)

Altars:
Nemelex Xobeh
Yredelemnul
Zin


Message History

You draw a card...
You have drawn the Storm.
A fierce wind blows from the card.
The gnolls are blown away by the wind.
You hear a mighty peal of thunder!
You hear a shout! x3; You hear an angry hiss. x2
You draw a card...
You have drawn the Storm.
A fierce wind blows from the card.
The gnoll is blown away by the wind.
You hear a mighty peal of thunder!
You hear an angry hiss.
You hear a shout!
You draw a card...
You have drawn Pain.
Press: ? - help, Shift-Dir - straight line, f - gnoll
Aim: a gnoll, wielding a +0 club (lightly wounded, strong)
The gnoll convulses!
You draw a card...
You have drawn Pain.
Press: ? - help, Shift-Dir - straight line, f/p - gnoll
Aim: a gnoll, wielding a +0 club (moderately wounded, strong)
The gnoll convulses!
The gnoll completely misses you.
You draw a card...
You have drawn the Rangers.
The gnoll hits you with a +0 club!
You die...
Your body glows with a rainbow of weird colours and disappears.

##[#########.....#. ..
##...##..........).>
#.###.....##.####.#.#.#.
..#.?.....#.# #.#.#.#.
#....._...รทรท# ..#.#.##
#.......### .###.#.#
##..c..## #. ..#.#
##.?.## # ###.# ##@##
..# #...gg.c.#
##.c.........
#........### #........#
#..).##.## #....# .#
#....# .#


You could see 2 gnolls and 3 friendly yaktaurs.

Vanquished Creatures
  4 adders
  A gnoll (D:3)
  An ooze (D:1)
  3 worms
  A dart slug (D:3)
  2 leopard geckos
  A giant cockroach (D:1)
  2 gnoll zombies (D:2)
  3 goblins
  8 hobgoblins
  A quokka (D:3)
  8 bats
  2 frilled lizards
  7 kobolds
  3 rats
47 creatures vanquished.

Notes
Turn   | Place    | Note
-------+----------+-------------------------------------------
     0 | D:1      | Delamore the Hill Orc Monk began the quest for the Orb.
     0 | D:1      | Reached XP level 1. HP: 19/19 MP: 1/1
   246 | D:1      | Reached XP level 2. HP: 24/26 MP: 2/2
   473 | D:1      | Reached skill level 5 in Axes
   783 | D:2      | Reached XP level 3. HP: 21/31 MP: 3/3
  1212 | D:2      | Reached skill level 6 in Axes
  1501 | D:2      | Found a basalt altar of Yredelemnul.
  1625 | D:2      | Reached XP level 4. HP: 36/40 MP: 4/4
  1973 | D:2      | Found a faded altar of an unknown god.
  1982 | D:2      | Became a worshipper of Nemelex Xobeh the Trickster
  1982 | D:2      | Received a gift from Nemelex Xobeh
  1982 | D:2      | Reached * piety under Nemelex Xobeh
  1982 | D:2      | Received a gift from Nemelex Xobeh
  1982 | D:2      | Reached ** piety under Nemelex Xobeh
  1982 | D:2      | Received a gift from Nemelex Xobeh
  2388 | D:3      | Found a glowing silver altar of Zin.
  2497 | D:3      | Slain by a gnoll

Illustrated notes

Levels and vault maps discovered:
D:1:      eino_arrival_cavern_b, layout_basic
D:2:      minmay_skewed_foursquare, layout_rooms,
          lemuel_zombie_altar_yredelemnul, first_ration,
          chequers_ecumenical_altar_simple_redux, grunt_ministairs_13
D:3:      layout_basic, lemuel_round_altar

Skill      XL: |  1  2  3  4 |
---------------+-------------+-----
Axes           | 5 6 |  6.5
Fighting       | 4 |  4.4
Dodging        | |  2.4
Stealth        | |  1.5

Action                   |  1- 3 |  4- 6 || total
-------------------------+-------+-------++-------
Melee: Hand axe          |   130 |    78 ||   208
Invok: Draw Destruction  |       |     5 ||     5
       Draw Summoning    |       |     2 ||     2
  Use: Potion            |       |     1 ||     1
 Stab: Sleeping          |     7 |     3 ||    10
  Eat: Chunk             |     2 |     3 ||     5
Armor: Robe              |    18 |       ||    18
       Leather armour    |     8 |    11 ||    19
Dodge: Dodged            |    93 |    38 ||   131
Block: Kite shield       |     7 |     2 ||     9
